Panthers vs Blue Jackets

Created - 22 mars 2018 at 15:55

Goals
1 2 3 T
Panthers 0 0 1 1
Blue Jackets 0 1 1 2
Shots
1 2 3 T
Panthers 5 10 7 22
Blue Jackets 8 8 9 25

1st period

No Goal

Penalties :
Erik Johnson (FLO) for High sticking (Minor) at 15:33

2nd period

1. Blue Jackets , Corey Locke 23 (Damien Brunner 11, Nick Bjugstad 3) at 14:55

Penalties :
Aaron Ekblad (FLO) for Holding (Minor) at 3:32, Alexander Ovechkin (CBJ) for Hooking (Minor) at 5:28, Andre Benoit (CBJ) for Hooking (Minor) at 15:32

3rd period

2. Panthers , Erik Johnson 23 (Mario Scalzo 44) at 3:27
3. Blue Jackets , Damien Brunner 8 (Corey Locke 32, Dennis Wideman 39) at 12:37

Penalties :
Dennis Wideman (CBJ) for Goalie Interference (Minor) at 0:29, Rick Nash (CBJ) for Delaying the game (Minor) at 8:05, Brayden Schenn (FLO) for Hooking (Minor) at 16:42

Goalie Stats

Robin Lehner (FLO), 23 saves from 25 shots - (0,920), L, 30-28-3, 59:11 minutes
Gerald Coleman (CBJ), 21 saves from 22 shots - (0,955), W, 19-13-1, 60:00 minutes

Players Stats for Panthers

Player Name              G  A  P  +/- PIM S  H  SB GA TA FO     MP     PP MP  PK MP  
------------------------------------------------------------------------------------
Aaron Ekblad             0  0  0  -1  2   0  3  0  0  0  0/0    18:39   0:00   0:00 
Brayden Schenn           0  0  0  -1  2   0  4  0  0  0  1/2    12:24   0:00   0:00 
Brett Sutter             0  0  0  -1  0   1  0  1  0  0  5/10   18:59   0:00   2:50 
Cam Fowler               0  0  0  -1  0   0  2  2  0  0  0/0    21:03   3:50   3:06 
Chris Kreider            0  0  0   0  0   0  2  0  0  0  1/1     5:12   1:22   0:00 
Derick Brassard          0  0  0   1  0   1  0  0  0  0  9/23   19:20   4:58   0:00 
Dustin Byfuglien         0  0  0   1  0   2  3  1  0  0  0/0    20:21   2:55   3:04 
Erik Johnson             1  0  1   1  2   2  1  2  0  0  0/0    17:21   4:03   0:00 
Gabriel Landeskog        0  0  0   1  0   2  2  0  0  0  0/1    19:20   4:58   0:00 
Gustav Nyquist           0  0  0  -1  0   2  2  0  0  0  3/3    19:15   3:36   0:00 
Jakub Voracek            0  0  0  -1  0   4  0  0  0  0  0/1    18:34   2:55   0:00 
John Moore               0  0  0  -1  0   1  3  2  0  0  0/0    20:45   3:50   2:48 
Kyle Brodziak            0  0  0   0  0   2  0  0  0  0  3/3     6:44   0:00   3:04 
Luke Schenn              0  0  0  -1  0   0  1  2  0  0  0/0    12:45   0:00   0:00 
Mario Scalzo             0  1  1   1  0   3  1  1  0  0  0/0    20:32   4:03   3:06 
Mike Cammalleri          0  0  0  -1  0   1  1  0  0  0  7/15   18:34   2:55   0:00 
Mitch Love               0  0  0   0  0   0  1  0  0  0  0/0     8:53   0:00   2:48 
Sean Couturier           0  0  0  -1  0   1  0  0  0  0  7/11   15:19   0:00   2:50 

Players Stats for Blue Jackets

Player Name              G  A  P  +/- PIM S  H  SB GA TA FO     MP     PP MP  PK MP  
------------------------------------------------------------------------------------
Alexander Ovechkin       0  0  0  -1  2   4  4  0  0  0  2/3    21:50   3:17   2:48 
Andre Benoit             0  0  0  -1  2   0  0  0  0  0  0/0    19:36   0:00   3:08 
Corey Locke              1  1  2   2  0   2  1  0  0  0  4/11   19:36   2:36   3:21 
Damien Brunner           1  1  2   2  0   7  0  0  0  0  10/19  16:44   3:05   0:00 
Dennis Wideman           0  1  1   2  2   1  1  4  0  0  0/0    20:52   2:54   1:25 
Evander Kane             0  0  0   0  0   1  2  0  0  0  4/16   15:54   0:00   0:00 
Jake Gardiner            0  0  0   0  0   1  0  1  0  0  0/0    16:04   2:54   0:00 
James Wisniewski         0  0  0  -1  0   0  4  2  0  0  0/0    23:43   3:00   4:14 
Jarome Iginla            0  0  0   0  0   4  0  1  0  0  0/0    19:09   2:49   0:00 
Lukas Kaspar             0  0  0   0  0   0  0  0  0  0  0/0    18:59   3:05   0:00 
Matt Read                0  0  0   0  0   0  0  0  0  0  0/0     0:10   0:00   0:10 
Mike York                0  0  0  -1  0   0  0  1  0  0  1/1     8:14   0:00   2:34 
Nathan Oystrick          0  0  0   2  0   0  4  2  0  0  0/0    19:31   0:00   3:20 
Nick Bjugstad            0  1  1   2  0   1  0  0  0  0  0/1    13:13   0:00   0:00 
Rick Nash                0  0  0   0  2   2  2  0  0  0  1/3    17:33   2:49   2:50 
Sergei Samsonov          0  0  0   0  0   0  0  0  0  0  7/9    11:52   0:00   0:00 
Tomas Kopecky            0  0  0  -1  0   1  0  1  0  0  5/7     8:48   0:00   4:03 
Zdeno Chara              0  0  0   0  0   1  5  2  0  0  0/0    20:12   3:00   3:39 

3 Stars

1 - Corey Locke (CBJ)
2 - Damien Brunner (CBJ)
3 - Nathan Oystrick (CBJ)

Power Play

Panthers - 0 on 4 Attempt(s) - 0,00%
Blue Jackets - 0 on 3 Attempt(s) - 0,00%

Penalty Kill

Panthers - 3 on 3 Attempt(s) - 100,00% - Score 0 goal in Penalty Kill
Blue Jackets - 4 on 4 Attempt(s) - 100,00% - Score 0 goal in Penalty Kill

Team Stat

Panthers - Hits : 26 - Faceoff Wins : 36 - Blocked Shots : 11 - Penalty Minutes : 6
Blue Jackets - Hits : 23 - Faceoff Wins : 34 - Blocked Shots : 14 - Penalty Minutes : 8

Official

Referees : Dave Lewis and Chris Brown
Linesman : Brett Martin and John Everett

Game Notes

No Game Note

Finance

Level 1 -- Attendance: 5910 (87,56%) -- Ticket Income 549 630 $
Level 2 -- Attendance: 4923 (85,62%) -- Ticket Income 334 764 $
Level 3 -- Attendance: 2545 (92,55%) -- Ticket Income 104 345 $
Level 4 -- Attendance: 4593 (96,69%) -- Ticket Income 110 232 $
Luxury Box -- Attendance: 1081 (77,88%) -- Ticket Income 378 350 $
Game was played at the Nationwide Arena.
Total Attendance: 19052 (89,08%)
Total Ticket Income: 1 477 321 $
Other Income: 723 887 $
Total Income: 2 201 208 $

Panthers

5 vs 5 Forward 
   Center                   Left Wing                Right Wing               Time % Phy DF OF 
 1 Mike Cammalleri          Gustav Nyquist           Jakub Voracek            33     0   4  1  
 2 Derick Brassard          Gabriel Landeskog        Dustin Byfuglien         32     0   3  2  
 3 Sean Couturier           Brett Sutter             Brayden Schenn           25     0   3  2  
 4 Brett Sutter             Chris Kreider            Kyle Brodziak            10     0   3  2  

5 vs 5 Defense 
   Defense                  Defense                                           Time % Phy DF OF 
 1 Mario Scalzo             Erik Johnson                                      33     1   1  3  
 2 John Moore               Cam Fowler                                        30     1   1  3  
 3 Aaron Ekblad             Luke Schenn                                       23     0   3  2  
 4 Mitch Love               Aaron Ekblad                                      14     1   2  2  

PowerPlay Forward 
   Center                   Left Wing                Right Wing               Time % Phy DF OF 
 1 Mike Cammalleri          Jakub Voracek            Dustin Byfuglien         50     0   0  5  
 2 Derick Brassard          Gabriel Landeskog        Gustav Nyquist           50     0   0  5  

PowerPlay Defense
   Defense                  Defense                                           Time % Phy DF OF 
 1 Mario Scalzo             Erik Johnson                                      50     0   0  5  
 2 John Moore               Cam Fowler                                        50     0   0  5  

Penalty Kill 4 Players Forward 
   Center                   Wing                     Time % Phy DF OF 
 1 Kyle Brodziak            Dustin Byfuglien         51     0   5  0  
 2 Brett Sutter             Sean Couturier           49     0   5  0  

Penalty Kill 4 Players Defense
   Defense                  Defense                  Time % Phy DF OF 
 1 Mitch Love               John Moore               52     0   5  0  
 2 Mario Scalzo             Cam Fowler               48     0   5  0  

Penalty Kill - 3 Players Forward 
   Forward                                           Time % Phy DF OF 
 1 Kyle Brodziak                                     50     0   5  0  
 2 Sean Couturier                                    50     0   5  0  

Penalty Kill - 3 Players Defense
   Defense                  Defense                  Time % Phy DF OF 
 1 Aaron Ekblad             John Moore               52     1   4  0  
 2 Mario Scalzo             Luke Schenn              48     0   5  0  

4 vs 4 Forward 
   Center                   Wing                     Time % Phy DF OF 
 1 Brayden Schenn           Kyle Brodziak            50     0   2  3  
 2 Chris Kreider            Brayden Schenn           50     0   3  2  

4 vs 4 Defense
   Defense                  Defense                  Time % Phy DF OF 
 1 Luke Schenn              Aaron Ekblad             51     0   2  3  
 2 John Moore               Cam Fowler               49     0   3  2  

Last Minutes Offensive
   Center                   Left Wing                Right Wing               Defense                  Defense                  
   Mike Cammalleri          Jakub Voracek            Gustav Nyquist           Mario Scalzo             Luke Schenn              

Last Minutes Defensive
   Center                   Left Wing                Right Wing               Defense                  Defense                  
   Sean Couturier           Brett Sutter             Kyle Brodziak            John Moore               Cam Fowler               

Goaltenders
Starting : Robin Lehner             
Backup : Tomas Popperle           

Extra Forwards
Normal : Sean Couturier, Chris Kreider, Brett Sutter - PP : Gabriel Landeskog, Chris Kreider - PK : Dustin Byfuglien
Extra Defensemen
Normal : Mitch Love, Mario Scalzo, Cam Fowler - PP : Luke Schenn - PK : Mario Scalzo, Aaron Ekblad
Penalty Shots
Jakub Voracek, Mario Scalzo, Dustin Byfuglien, Gabriel Landeskog, Erik Johnson
Custom OT Lines Forwards
Sean Couturier, Mike Cammalleri, Kyle Brodziak, Jakub Voracek, Dustin Byfuglien, Gabriel Landeskog, Brett Sutter, Chris Kreider, Brayden Schenn, Derick Brassard
Custom OT Lines Defensemen
Cam Fowler, Mario Scalzo, John Moore, Luke Schenn, Mitch Love

Scratches
Jason Demers (Healthy)

Blue Jackets

5 vs 5 Forward 
   Center                   Left Wing                Right Wing               Time % Phy DF OF 
 1 Sergei Samsonov          Rick Nash                Alexander Ovechkin       35     0   3  2  
 2 Evander Kane             Lukas Kaspar             Jarome Iginla            35     0   3  2  
 3 Damien Brunner           Corey Locke              Nick Bjugstad            30     0   3  2  
 4 Tomas Kopecky            Mike York                Alexander Ovechkin       0      1   2  2  

5 vs 5 Defense 
   Defense                  Defense                                           Time % Phy DF OF 
 1 James Wisniewski         Andre Benoit                                      35     0   3  2  
 2 Dennis Wideman           Nathan Oystrick                                   35     0   3  2  
 3 Jake Gardiner            Zdeno Chara                                       30     0   3  2  
 4 James Wisniewski         Andre Benoit                                      0      1   2  2  

PowerPlay Forward 
   Center                   Left Wing                Right Wing               Time % Phy DF OF 
 1 Corey Locke              Jarome Iginla            Rick Nash                50     0   0  5  
 2 Damien Brunner           Lukas Kaspar             Alexander Ovechkin       50     0   0  5  

PowerPlay Defense
   Defense                  Defense                                           Time % Phy DF OF 
 1 James Wisniewski         Zdeno Chara                                       50     0   0  5  
 2 Jake Gardiner            Dennis Wideman                                    50     0   0  5  

Penalty Kill 4 Players Forward 
   Center                   Wing                     Time % Phy DF OF 
 1 Tomas Kopecky            Alexander Ovechkin       50     0   5  0  
 2 Corey Locke              Rick Nash                50     0   5  0  

Penalty Kill 4 Players Defense
   Defense                  Defense                  Time % Phy DF OF 
 1 James Wisniewski         Andre Benoit             50     0   5  0  
 2 Zdeno Chara              Nathan Oystrick          50     0   5  0  

Penalty Kill - 3 Players Forward 
   Forward                                           Time % Phy DF OF 
 1 Corey Locke                                       60     1   2  2  
 2 Alexander Ovechkin                                40     1   2  2  

Penalty Kill - 3 Players Defense
   Defense                  Defense                  Time % Phy DF OF 
 1 James Wisniewski         Andre Benoit             60     1   2  2  
 2 Jake Gardiner            Nathan Oystrick          40     1   2  2  

4 vs 4 Forward 
   Center                   Wing                     Time % Phy DF OF 
 1 Rick Nash                Mike York                60     1   2  2  
 2 Alexander Ovechkin       Corey Locke              40     1   2  2  

4 vs 4 Defense
   Defense                  Defense                  Time % Phy DF OF 
 1 James Wisniewski         Andre Benoit             60     1   2  2  
 2 Jake Gardiner            Nathan Oystrick          40     1   2  2  

Last Minutes Offensive
   Center                   Left Wing                Right Wing               Defense                  Defense                  
   Damien Brunner           Rick Nash                Jarome Iginla            James Wisniewski         Zdeno Chara              

Last Minutes Defensive
   Center                   Left Wing                Right Wing               Defense                  Defense                  
   Damien Brunner           Rick Nash                Jarome Iginla            James Wisniewski         Zdeno Chara              

Goaltenders
Starting : Gerald Coleman           
Backup : Steve Mason              

Extra Forwards
Normal : Corey Locke, Alexander Ovechkin, Mike York - PP : Corey Locke, Alexander Ovechkin - PK : Mike York
Extra Defensemen
Normal : Jake Gardiner, James Wisniewski, Andre Benoit - PP : Jake Gardiner - PK : Andre Benoit, James Wisniewski
Penalty Shots
Jarome Iginla, Alexander Ovechkin, Corey Locke, Rick Nash, Lukas Kaspar
Custom OT Lines Forwards
Jarome Iginla, Alexander Ovechkin, Rick Nash, Sergei Samsonov, Evander Kane, Lukas Kaspar, Corey Locke, Damien Brunner, Mike York, Tomas Kopecky
Custom OT Lines Defensemen
James Wisniewski, Andre Benoit, Dennis Wideman, Nathan Oystrick, Jake Gardiner

Scratches
Derek Dorsett (Bruised Left Foot Injury)

% Time on Ice - Panthers

Lines # - Real PCT - Wanted PCT - Time Play
Normal Forward
1 - 34% - 33% - 15:39
2 - 31% - 32% - 14:22
3 - 27% - 25% - 12:22
4 - 8% - 10% - 3:40
Normal Defense
1 - 29% - 33% - 13:16
2 - 31% - 30% - 14:07
3 - 28% - 23% - 12:42
4 - 13% - 14% - 5:58
PP Forward
1 - 37% - 50% - 2:55
2 - 63% - 50% - 4:58
PP Defense
1 - 51% - 50% - 4:03
2 - 49% - 50% - 3:50
PK Forward
1 - 52% - 51% - 3:04
2 - 48% - 49% - 2:50
PK Defense
1 - 47% - 52% - 2:48
2 - 53% - 48% - 3:06
PK3 Forward
1 - 0% - 50%
2 - 0% - 50%
PK3 Defense
1 - 0% - 52%
2 - 0% - 48%
44 Forward
1 - 0% - 50% - 0:00
2 - 100% - 50% - 0:03
44 Defense
1 - 100% - 51% - 0:03
2 - 0% - 49% - 0:00
Last Minute Offensive  - 0:07
Last Minute Defensive  - 0:00
Total
Forward - 60:00
Defense - 60:00

% Time on Ice - Blue Jackets

Lines # - Real PCT - Wanted PCT - Time Play
Normal Forward
1 - 26% - 35% - 11:52
2 - 35% - 35% - 15:54
3 - 29% - 30% - 13:13
4 - 10% - 0% - 4:45
Normal Defense
1 - 36% - 35% - 16:29
2 - 35% - 35% - 16:08
3 - 29% - 30% - 13:07
4 - 0% - 0% - 0:00
PP Forward
1 - 48% - 50% - 2:49
2 - 52% - 50% - 3:05
PP Defense
1 - 51% - 50% - 3:00
2 - 49% - 50% - 2:54
PK Forward
1 - 51% - 50% - 4:03
2 - 49% - 50% - 3:50
PK Defense
1 - 54% - 50% - 4:14
2 - 46% - 50% - 3:39
PK3 Forward
1 - 0% - 60%
2 - 0% - 40%
PK3 Defense
1 - 0% - 60%
2 - 0% - 40%
44 Forward
1 - 100% - 60% - 0:03
2 - 0% - 40% - 0:00
44 Defense
1 - 0% - 60% - 0:00
2 - 100% - 40% - 0:03
Last Minute Offensive  - 0:00
Last Minute Defensive  - 0:26
Total
Forward - 60:00
Defense - 60:00

Play by Play

1st period


0:01 of 1st period - Sergei Samsonov wins face-off versus Mike Cammalleri in neutral zone.
0:06 of 1st period - Shot by Rick Nash.
0:06 of 1st period - Shot Misses the Net.
0:08 of 1st period - Shot by Rick Nash.
0:08 of 1st period - Deflect By Alexander Ovechkin.
0:08 of 1st period - Shot Blocked by Mario Scalzo.
0:10 of 1st period - Shot by Sergei Samsonov.
0:10 of 1st period - Shot Blocked by Erik Johnson.
0:20 of 1st period - Shot by Rick Nash.
0:20 of 1st period - Stopped by Robin Lehner without a rebound.
0:21 of 1st period - Evander Kane wins face-off versus Derick Brassard in Panthers zone.
1:02 of 1st period - Shot by Gabriel Landeskog.
1:02 of 1st period - Deflect By Dustin Byfuglien.
1:02 of 1st period - Stopped by Gerald Coleman without a rebound.
1:03 of 1st period - Corey Locke wins face-off versus Brett Sutter in Blue Jackets zone.
1:03 of 1st period - Corey Locke is hit by Brayden Schenn.
1:06 of 1st period - Icing by Zdeno Chara.
1:07 of 1st period - Brayden Schenn wins face-off versus Damien Brunner in Blue Jackets zone.
1:27 of 1st period - Shot by Brett Sutter.
1:27 of 1st period - Shot Misses the Net.
1:41 of 1st period - Shot by Brayden Schenn.
1:41 of 1st period - Deflect By Brett Sutter.
1:41 of 1st period - Shot Blocked by Jake Gardiner.
1:58 of 1st period - Icing by Jake Gardiner.
1:59 of 1st period - Damien Brunner wins face-off versus Mike Cammalleri in Blue Jackets zone.
2:04 of 1st period - Zdeno Chara is hit by Gustav Nyquist and loses puck.
2:13 of 1st period - Shot by Jakub Voracek.
2:13 of 1st period - Stopped by Gerald Coleman without a rebound.
2:14 of 1st period - Sergei Samsonov wins face-off versus Derick Brassard in Blue Jackets zone.
2:35 of 1st period - Derick Brassard is hit by James Wisniewski and loses puck.
3:41 of 1st period - Shot by Lukas Kaspar.
3:41 of 1st period - Shot Misses the Net.
4:16 of 1st period - Shot by Nick Bjugstad.
4:16 of 1st period - Shot Misses the Net.
4:18 of 1st period - Shot by Nick Bjugstad.
4:18 of 1st period - Shot Misses the Net.
4:40 of 1st period - Shot by Damien Brunner.
4:40 of 1st period - Shot Blocked by Erik Johnson.
4:42 of 1st period - Shot by Zdeno Chara.
4:42 of 1st period - Shot Misses the Net.
4:57 of 1st period - Shot by Alexander Ovechkin.
4:57 of 1st period - Shot Misses the Net.
4:59 of 1st period - Shot by Mike York.
4:59 of 1st period - Shot Blocked by Brett Sutter.
5:48 of 1st period - Icing by Dustin Byfuglien.
5:49 of 1st period - Derick Brassard wins face-off versus Evander Kane in Panthers zone.
5:53 of 1st period - Off-side.
5:54 of 1st period - Derick Brassard wins face-off versus Evander Kane in neutral zone.
6:02 of 1st period - Dustin Byfuglien is hit by Dennis Wideman and loses puck.
6:13 of 1st period - Shot by Jarome Iginla.
6:13 of 1st period - Deflect By Lukas Kaspar.
6:13 of 1st period - Shot Blocked by Cam Fowler.
6:15 of 1st period - Shot by Jarome Iginla.
6:15 of 1st period - Stopped by Robin Lehner without a rebound.
6:16 of 1st period - Sean Couturier wins face-off versus Damien Brunner in Panthers zone.
6:32 of 1st period - Brett Sutter is hit by Zdeno Chara and loses puck.
6:41 of 1st period - Shot by Damien Brunner.
6:41 of 1st period - Stopped by Robin Lehner without a rebound.
6:42 of 1st period - Gustav Nyquist wins face-off versus Evander Kane in Panthers zone.
6:42 of 1st period - Gustav Nyquist is hit by Evander Kane.
7:14 of 1st period - Shot by Jakub Voracek.
7:14 of 1st period - Shot Misses the Net.
7:16 of 1st period - Shot by Mike Cammalleri.
7:16 of 1st period - Shot Misses the Net.
7:18 of 1st period - Shot by Erik Johnson.
7:18 of 1st period - Shot Blocked by Jarome Iginla.
7:20 of 1st period - Shot by Erik Johnson.
7:20 of 1st period - Deflect By Mike Cammalleri.
7:20 of 1st period - Shot Blocked by Nathan Oystrick.
7:22 of 1st period - Shot by Erik Johnson.
7:22 of 1st period - Shot Blocked by Dennis Wideman.
7:24 of 1st period - Shot by Gustav Nyquist.
7:24 of 1st period - Stopped by Gerald Coleman without a rebound.
7:25 of 1st period - Sergei Samsonov wins face-off versus Derick Brassard in Blue Jackets zone.
7:30 of 1st period - Luke Schenn is hit by Alexander Ovechkin and loses puck.
7:37 of 1st period - Shot by Aaron Ekblad.
7:37 of 1st period - Shot Misses the Net.
7:43 of 1st period - Shot by Gabriel Landeskog.
7:43 of 1st period - Stopped by Gerald Coleman without a rebound.
7:44 of 1st period - Damien Brunner wins face-off versus Brayden Schenn in Blue Jackets zone.
7:44 of 1st period - Damien Brunner is hit by Brayden Schenn.
7:50 of 1st period - Shot by Damien Brunner.
7:50 of 1st period - Stopped by Robin Lehner with a rebound.
8:23 of 1st period - Shot by Nick Bjugstad.
8:23 of 1st period - Stopped by Robin Lehner without a rebound.
8:24 of 1st period - Sergei Samsonov wins face-off versus Derick Brassard in Panthers zone.
8:55 of 1st period - Shot by Rick Nash.
8:55 of 1st period - Shot Misses the Net.
9:05 of 1st period - Shot by Alexander Ovechkin.
9:05 of 1st period - Stopped by Robin Lehner without a rebound.
9:06 of 1st period - Mike Cammalleri wins face-off versus Evander Kane in Panthers zone.
9:23 of 1st period - Shot by Jakub Voracek.
9:23 of 1st period - Shot Blocked by Dennis Wideman.
10:08 of 1st period - Dennis Wideman is hit by John Moore and loses puck.
10:28 of 1st period - Shot by Sean Couturier.
10:28 of 1st period - Deflect By Brett Sutter.
10:28 of 1st period - Shot Blocked by Nathan Oystrick.
10:56 of 1st period - Shot by Rick Nash.
10:56 of 1st period - Deflect By Alexander Ovechkin.
10:56 of 1st period - Stopped by Robin Lehner with a rebound.
10:58 of 1st period - Shot by Rick Nash.
10:58 of 1st period - Shot Misses the Net.
11:00 of 1st period - Shot by James Wisniewski.
11:00 of 1st period - Shot Blocked by John Moore.
11:02 of 1st period - Shot by Rick Nash.
11:02 of 1st period - Shot Misses the Net.
11:13 of 1st period - Icing by Cam Fowler.
11:14 of 1st period - Damien Brunner wins face-off versus Sean Couturier in Panthers zone.
11:14 of 1st period - Damien Brunner is hit by John Moore.
12:49 of 1st period - Icing by Luke Schenn.
12:50 of 1st period - Mike York wins face-off versus Mike Cammalleri in Panthers zone.
13:56 of 1st period - Icing by Luke Schenn.
13:57 of 1st period - Gustav Nyquist wins face-off versus Corey Locke in Panthers zone.
14:04 of 1st period - James Wisniewski is hit by Gustav Nyquist and loses puck.
15:01 of 1st period - Corey Locke is hit by Dustin Byfuglien and loses puck.
15:07 of 1st period - Icing by Andre Benoit.
15:08 of 1st period - Damien Brunner wins face-off versus Brett Sutter in Blue Jackets zone.
15:08 of 1st period - Damien Brunner is hit by Chris Kreider.
15:27 of 1st period - Alexander Ovechkin is hit by Erik Johnson and loses puck.
15:33 of 1st period - Minor Penalty to Erik Johnson for High sticking.
15:34 of 1st period - Alexander Ovechkin wins face-off versus Sean Couturier in Panthers zone.
15:46 of 1st period - Off-side.
15:47 of 1st period - Kyle Brodziak wins face-off versus Corey Locke in neutral zone.
16:07 of 1st period - Shot by Jarome Iginla.
16:07 of 1st period - Stopped by Robin Lehner without a rebound.
16:08 of 1st period - Kyle Brodziak wins face-off versus Damien Brunner in Panthers zone.
16:43 of 1st period - Shot by Zdeno Chara.
16:43 of 1st period - Shot Misses the Net.
16:52 of 1st period - Icing by Lukas Kaspar.
16:53 of 1st period - Damien Brunner wins face-off versus Brett Sutter in Blue Jackets zone.
17:49 of 1st period - Shot by Gustav Nyquist.
17:49 of 1st period - Shot Misses the Net.
17:55 of 1st period - Shot by Jakub Voracek.
17:55 of 1st period - Shot Misses the Net.
17:57 of 1st period - Shot by Aaron Ekblad.
17:57 of 1st period - Shot Misses the Net.
17:59 of 1st period - Shot by Luke Schenn.
17:59 of 1st period - Shot Blocked by Dennis Wideman.
18:01 of 1st period - Shot by Luke Schenn.
18:01 of 1st period - Shot Misses the Net.
18:03 of 1st period - Shot by Jakub Voracek.
18:03 of 1st period - Stopped by Gerald Coleman without a rebound.
18:04 of 1st period - Sean Couturier wins face-off versus Evander Kane in Blue Jackets zone.
18:04 of 1st period - Erik Johnson is hit by Zdeno Chara and loses puck.
18:38 of 1st period - Off-side.
18:39 of 1st period - Derick Brassard wins face-off versus Damien Brunner in neutral zone.
19:11 of 1st period - Shot by Nick Bjugstad.
19:11 of 1st period - Shot Misses the Net.
19:32 of 1st period - Icing by Gabriel Landeskog.
19:33 of 1st period - Alexander Ovechkin wins face-off versus Derick Brassard in Panthers zone.
19:44 of 1st period - Shot by Dennis Wideman.
19:44 of 1st period - Deflect By Alexander Ovechkin.
19:44 of 1st period - Shot Misses the Net.
Goals for this period are 0 for Panthers vs 0 for Blue Jackets.
Shots for this period are 5 for Panthers vs 8 for Blue Jackets.

2nd period


0:01 of 2nd period - Mike Cammalleri wins face-off versus Sergei Samsonov in neutral zone.
0:01 of 2nd period - Jakub Voracek is hit by Alexander Ovechkin and loses puck.
0:06 of 2nd period - Shot by Alexander Ovechkin.
0:06 of 2nd period - Stopped by Robin Lehner with a rebound.
1:24 of 2nd period - Icing by Dennis Wideman.
1:25 of 2nd period - Derick Brassard wins face-off versus Evander Kane in Blue Jackets zone.
2:09 of 2nd period - Shot by James Wisniewski.
2:09 of 2nd period - Deflect By Corey Locke.
2:09 of 2nd period - Shot Blocked by Dustin Byfuglien.
2:11 of 2nd period - Shot by Damien Brunner.
2:11 of 2nd period - Stopped by Robin Lehner without a rebound.
2:12 of 2nd period - Sean Couturier wins face-off versus Sergei Samsonov in Panthers zone.
2:33 of 2nd period - Shot by Alexander Ovechkin.
2:33 of 2nd period - Deflect By Sergei Samsonov.
2:33 of 2nd period - Shot Misses the Net.
2:35 of 2nd period - Shot by Rick Nash.
2:35 of 2nd period - Shot Misses the Net.
2:39 of 2nd period - Shot by Alexander Ovechkin.
2:39 of 2nd period - Deflect By Rick Nash.
2:39 of 2nd period - Shot Misses the Net.
2:43 of 2nd period - Shot by Alexander Ovechkin.
2:43 of 2nd period - Shot Misses the Net.
2:45 of 2nd period - Shot by Rick Nash.
2:45 of 2nd period - Stopped by Robin Lehner without a rebound.
2:46 of 2nd period - Damien Brunner wins face-off versus Mike Cammalleri in Panthers zone.
3:09 of 2nd period - Shot by Gustav Nyquist.
3:09 of 2nd period - Deflect By Jakub Voracek.
3:09 of 2nd period - Stopped by Gerald Coleman without a rebound.
3:10 of 2nd period - Derick Brassard wins face-off versus Evander Kane in Blue Jackets zone.
3:30 of 2nd period - Evander Kane is hit by Mitch Love and loses puck.
3:32 of 2nd period - Minor Penalty to Aaron Ekblad for Holding.
3:33 of 2nd period - Brett Sutter wins face-off versus Damien Brunner in Panthers zone.
3:33 of 2nd period - Brett Sutter is hit by Alexander Ovechkin.
3:49 of 2nd period - Shot by Zdeno Chara.
3:49 of 2nd period - Stopped by Robin Lehner without a rebound.
3:50 of 2nd period - Brett Sutter wins face-off versus Corey Locke in Panthers zone.
3:50 of 2nd period - Brett Sutter is hit by Rick Nash.
5:28 of 2nd period - Minor Penalty to Alexander Ovechkin for Hooking.
5:29 of 2nd period - Chris Kreider wins face-off versus Rick Nash in Blue Jackets zone.
5:40 of 2nd period - Shot by Erik Johnson.
5:40 of 2nd period - Stopped by Gerald Coleman without a rebound.
5:41 of 2nd period - Tomas Kopecky wins face-off versus Derick Brassard in Blue Jackets zone.
6:02 of 2nd period - Shot by Derick Brassard.
6:02 of 2nd period - Stopped by Gerald Coleman without a rebound.
6:03 of 2nd period - Tomas Kopecky wins face-off versus Jakub Voracek in Blue Jackets zone.
6:26 of 2nd period - Shot by Mario Scalzo.
6:26 of 2nd period - Stopped by Gerald Coleman with a rebound.
6:28 of 2nd period - Shot by Erik Johnson.
6:28 of 2nd period - Shot Misses the Net.
6:30 of 2nd period - Shot by Dustin Byfuglien.
6:30 of 2nd period - Stopped by Gerald Coleman with a rebound.
6:32 of 2nd period - Shot by Dustin Byfuglien.
6:32 of 2nd period - Shot Misses the Net.
6:38 of 2nd period - Shot by Erik Johnson.
6:38 of 2nd period - Shot Misses the Net.
6:40 of 2nd period - Shot by Mike Cammalleri.
6:40 of 2nd period - Stopped by Gerald Coleman without a rebound.
6:41 of 2nd period - Derick Brassard wins face-off versus Corey Locke in Blue Jackets zone.
6:41 of 2nd period - Cam Fowler is hit by Zdeno Chara and loses puck.
7:46 of 2nd period - Shot by Kyle Brodziak.
7:46 of 2nd period - Shot Misses the Net.
7:48 of 2nd period - Shot by Kyle Brodziak.
7:48 of 2nd period - Shot Misses the Net.
7:52 of 2nd period - Shot by Brett Sutter.
7:52 of 2nd period - Shot Blocked by James Wisniewski.
7:54 of 2nd period - Shot by Chris Kreider.
7:54 of 2nd period - Shot Misses the Net.
7:56 of 2nd period - Shot by Kyle Brodziak.
7:56 of 2nd period - Shot Misses the Net.
8:57 of 2nd period - Shot by Mario Scalzo.
8:57 of 2nd period - Shot Misses the Net.
9:03 of 2nd period - Shot by Gustav Nyquist.
9:03 of 2nd period - Stopped by Gerald Coleman without a rebound.
9:04 of 2nd period - Damien Brunner wins face-off versus Derick Brassard in Blue Jackets zone.
9:04 of 2nd period - Damien Brunner is hit by Dustin Byfuglien.
9:23 of 2nd period - Cam Fowler is hit by Nathan Oystrick and loses puck.
9:44 of 2nd period - Derick Brassard is hit by Nathan Oystrick and loses puck.
10:33 of 2nd period - Shot by Gustav Nyquist.
10:33 of 2nd period - Shot Misses the Net.
10:35 of 2nd period - Shot by Jakub Voracek.
10:35 of 2nd period - Shot Blocked by Zdeno Chara.
10:37 of 2nd period - Shot by Mike Cammalleri.
10:37 of 2nd period - Shot Blocked by Mike York.
10:39 of 2nd period - Shot by Mike Cammalleri.
10:39 of 2nd period - Shot Misses the Net.
10:41 of 2nd period - Shot by Mario Scalzo.
10:41 of 2nd period - Shot Misses the Net.
11:22 of 2nd period - Shot by Brett Sutter.
11:22 of 2nd period - Deflect By Sean Couturier.
11:22 of 2nd period - Stopped by Gerald Coleman without a rebound.
11:23 of 2nd period - Damien Brunner wins face-off versus Derick Brassard in Blue Jackets zone.
11:23 of 2nd period - Damien Brunner is hit by Dustin Byfuglien.
11:32 of 2nd period - Nathan Oystrick is hit by Cam Fowler and loses puck.
12:01 of 2nd period - Nick Bjugstad is hit by John Moore and loses puck.
12:11 of 2nd period - Nathan Oystrick is hit by Cam Fowler and loses puck.
12:23 of 2nd period - Gabriel Landeskog is hit by James Wisniewski and loses puck.
12:58 of 2nd period - Andre Benoit is hit by Brayden Schenn and loses puck.
13:08 of 2nd period - Brett Sutter is hit by James Wisniewski and loses puck.
13:26 of 2nd period - Icing by Aaron Ekblad.
13:27 of 2nd period - Rick Nash wins face-off versus Mike Cammalleri in Panthers zone.
13:30 of 2nd period - Shot by Jake Gardiner.
13:30 of 2nd period - Shot Blocked by Luke Schenn.
13:35 of 2nd period - Alexander Ovechkin is hit by Aaron Ekblad and loses puck.
13:38 of 2nd period - Shot by Alexander Ovechkin.
13:38 of 2nd period - Shot Misses the Net.
13:46 of 2nd period - Shot by Jake Gardiner.
13:46 of 2nd period - Shot Blocked by Luke Schenn.
14:48 of 2nd period - Damien Brunner is hit by Aaron Ekblad and loses puck.
14:51 of 2nd period - Shot by Damien Brunner.
14:51 of 2nd period - Stopped by Robin Lehner with a rebound.
14:53 of 2nd period - Shot by Damien Brunner.
14:53 of 2nd period - Shot Misses the Net.
14:55 of 2nd period - Shot by Corey Locke.
14:55 of 2nd period - Goal by Corey Locke - Panthers : 0 - Blue Jackets : 1.
14:56 of 2nd period - Sean Couturier wins face-off versus Evander Kane in neutral zone.
15:32 of 2nd period - Minor Penalty to Andre Benoit for Hooking.
15:33 of 2nd period - Corey Locke wins face-off versus Derick Brassard in Blue Jackets zone.
16:14 of 2nd period - Shot by Gabriel Landeskog.
16:14 of 2nd period - Shot Misses the Net.
16:23 of 2nd period - Icing by John Moore.
16:24 of 2nd period - Tomas Kopecky wins face-off versus Gabriel Landeskog in Panthers zone.
16:27 of 2nd period - Shot by Nathan Oystrick.
16:27 of 2nd period - Shot Blocked by Cam Fowler.
16:29 of 2nd period - Shot by Tomas Kopecky.
16:29 of 2nd period - Stopped by Robin Lehner without a rebound.
16:30 of 2nd period - Mike Cammalleri wins face-off versus Tomas Kopecky in Panthers zone.
16:35 of 2nd period - Shot by Mario Scalzo.
16:35 of 2nd period - Stopped by Gerald Coleman without a rebound.
16:36 of 2nd period - Mike Cammalleri wins face-off versus Corey Locke in Blue Jackets zone.
16:39 of 2nd period - Shot by Mario Scalzo.
16:39 of 2nd period - Stopped by Gerald Coleman without a rebound.
16:40 of 2nd period - Mike Cammalleri wins face-off versus Corey Locke in Blue Jackets zone.
16:51 of 2nd period - Shot by Dustin Byfuglien.
16:51 of 2nd period - Shot Misses the Net.
16:53 of 2nd period - Shot by Dustin Byfuglien.
16:53 of 2nd period - Shot Misses the Net.
17:48 of 2nd period - Lukas Kaspar is hit by Aaron Ekblad and loses puck.
17:51 of 2nd period - Shot by Jarome Iginla.
17:51 of 2nd period - Shot Misses the Net.
17:53 of 2nd period - Shot by Jake Gardiner.
17:53 of 2nd period - Stopped by Robin Lehner without a rebound.
17:54 of 2nd period - Tomas Kopecky wins face-off versus Brett Sutter in Panthers zone.
18:10 of 2nd period - John Moore is hit by Nathan Oystrick and loses puck.
Goals for this period are 0 for Panthers vs 1 for Blue Jackets.
Shots for this period are 10 for Panthers vs 8 for Blue Jackets.

3rd period


0:01 of 3rd period - Sergei Samsonov wins face-off versus Mike Cammalleri in neutral zone.
0:29 of 3rd period - Minor Penalty to Dennis Wideman for Goalie Interference.
0:30 of 3rd period - Corey Locke wins face-off versus Derick Brassard in Blue Jackets zone.
0:30 of 3rd period - Corey Locke is hit by Gabriel Landeskog.
0:45 of 3rd period - Shot by Gabriel Landeskog.
0:45 of 3rd period - Shot Misses the Net.
0:47 of 3rd period - Shot by John Moore.
0:47 of 3rd period - Shot Misses the Net.
0:51 of 3rd period - Shot by John Moore.
0:51 of 3rd period - Deflect By Derick Brassard.
0:51 of 3rd period - Shot Blocked by Tomas Kopecky.
1:28 of 3rd period - Shot by Erik Johnson.
1:28 of 3rd period - Shot Misses the Net.
2:14 of 3rd period - Zdeno Chara is hit by Chris Kreider and loses puck.
2:27 of 3rd period - Shot by John Moore.
2:27 of 3rd period - Stopped by Gerald Coleman without a rebound.
2:28 of 3rd period - Mike Cammalleri wins face-off versus Tomas Kopecky in Blue Jackets zone.
2:55 of 3rd period - Shot by Jarome Iginla.
2:55 of 3rd period - Shot Misses the Net.
2:57 of 3rd period - Shot by Jarome Iginla.
2:57 of 3rd period - Deflect By Evander Kane.
2:57 of 3rd period - Stopped by Robin Lehner without a rebound.
2:58 of 3rd period - Derick Brassard wins face-off versus Alexander Ovechkin in Panthers zone.
3:27 of 3rd period - Shot by Erik Johnson.
3:27 of 3rd period - Goal by Erik Johnson - Panthers : 1 - Blue Jackets : 1.
3:28 of 3rd period - Gustav Nyquist wins face-off versus Nick Bjugstad in neutral zone.
3:28 of 3rd period - Gustav Nyquist is hit by Corey Locke.
3:34 of 3rd period - Dennis Wideman is hit by Mike Cammalleri and loses puck.
4:22 of 3rd period - Icing by Dennis Wideman.
4:23 of 3rd period - Sean Couturier wins face-off versus Damien Brunner in Blue Jackets zone.
5:27 of 3rd period - Erik Johnson is hit by Nathan Oystrick and loses puck.
5:38 of 3rd period - Shot by Gabriel Landeskog.
5:38 of 3rd period - Shot Misses the Net.
5:40 of 3rd period - Shot by Derick Brassard.
5:40 of 3rd period - Shot Misses the Net.
6:31 of 3rd period - Icing by Jakub Voracek.
6:32 of 3rd period - Evander Kane wins face-off versus Mike Cammalleri in Panthers zone.
6:39 of 3rd period - Shot by Jarome Iginla.
6:39 of 3rd period - Stopped by Robin Lehner without a rebound.
6:40 of 3rd period - Sean Couturier wins face-off versus Evander Kane in Panthers zone.
8:05 of 3rd period - Minor Penalty to Rick Nash for Delaying the game.
8:06 of 3rd period - Tomas Kopecky wins face-off versus Derick Brassard in Blue Jackets zone.
8:06 of 3rd period - Tomas Kopecky is hit by Gabriel Landeskog.
8:16 of 3rd period - Shot by Mario Scalzo.
8:16 of 3rd period - Shot Blocked by James Wisniewski.
8:27 of 3rd period - Icing by Derick Brassard.
8:28 of 3rd period - Corey Locke wins face-off versus Derick Brassard in Panthers zone.
10:15 of 3rd period - Brett Sutter is hit by Zdeno Chara and loses puck.
10:23 of 3rd period - Shot by Sean Couturier.
10:23 of 3rd period - Shot Blocked by Zdeno Chara.
10:25 of 3rd period - Shot by Brett Sutter.
10:25 of 3rd period - Stopped by Gerald Coleman without a rebound.
10:26 of 3rd period - Brett Sutter wins face-off versus Damien Brunner in Blue Jackets zone.
10:29 of 3rd period - Shot by Kyle Brodziak.
10:29 of 3rd period - Shot Blocked by Dennis Wideman.
10:31 of 3rd period - Shot by Kyle Brodziak.
10:31 of 3rd period - Shot Misses the Net.
10:33 of 3rd period - Shot by Kyle Brodziak.
10:33 of 3rd period - Shot Misses the Net.
10:37 of 3rd period - Shot by Kyle Brodziak.
10:37 of 3rd period - Stopped by Gerald Coleman without a rebound.
10:38 of 3rd period - Evander Kane wins face-off versus Sean Couturier in Blue Jackets zone.
11:06 of 3rd period - Shot by Sean Couturier.
11:06 of 3rd period - Shot Misses the Net.
11:49 of 3rd period - Shot by Alexander Ovechkin.
11:49 of 3rd period - Shot Blocked by John Moore.
12:14 of 3rd period - Icing by Cam Fowler.
12:15 of 3rd period - Sean Couturier wins face-off versus Damien Brunner in Panthers zone.
12:17 of 3rd period - Icing by Brett Sutter.
12:18 of 3rd period - Damien Brunner wins face-off versus Brett Sutter in Panthers zone.
12:35 of 3rd period - Shot by Corey Locke.
12:35 of 3rd period - Deflect By Damien Brunner.
12:35 of 3rd period - Stopped by Robin Lehner with a rebound.
12:37 of 3rd period - Shot by Damien Brunner.
12:37 of 3rd period - Goal by Damien Brunner - Panthers : 1 - Blue Jackets : 2.
12:38 of 3rd period - Evander Kane wins face-off versus Mike Cammalleri in neutral zone.
12:38 of 3rd period - Lukas Kaspar is hit by Mario Scalzo.
12:56 of 3rd period - Shot by Jakub Voracek.
12:56 of 3rd period - Shot Misses the Net.
13:12 of 3rd period - Shot by Jarome Iginla.
13:12 of 3rd period - Stopped by Robin Lehner without a rebound.
13:13 of 3rd period - Sergei Samsonov wins face-off versus Derick Brassard in Panthers zone.
13:18 of 3rd period - Shot by Alexander Ovechkin.
13:18 of 3rd period - Stopped by Robin Lehner without a rebound.
13:19 of 3rd period - Derick Brassard wins face-off versus Rick Nash in Panthers zone.
14:01 of 3rd period - Rick Nash is hit by Luke Schenn and loses puck.
14:09 of 3rd period - Icing by Dustin Byfuglien.
14:10 of 3rd period - Derick Brassard wins face-off versus Evander Kane in Panthers zone.
14:10 of 3rd period - Derick Brassard is hit by Evander Kane.
14:18 of 3rd period - Icing by Jarome Iginla.
14:19 of 3rd period - Mike Cammalleri wins face-off versus Evander Kane in Blue Jackets zone.
14:28 of 3rd period - Shot by Gustav Nyquist.
14:28 of 3rd period - Shot Misses the Net.
14:50 of 3rd period - Shot by Jakub Voracek.
14:50 of 3rd period - Stopped by Gerald Coleman with a rebound.
15:33 of 3rd period - Shot by Corey Locke.
15:33 of 3rd period - Deflect By Damien Brunner.
15:33 of 3rd period - Stopped by Robin Lehner with a rebound.
15:39 of 3rd period - Shot by Corey Locke.
15:39 of 3rd period - Stopped by Robin Lehner without a rebound.
15:40 of 3rd period - Sergei Samsonov wins face-off versus Derick Brassard in Panthers zone.
16:05 of 3rd period - Shot by Rick Nash.
16:05 of 3rd period - Deflect By Alexander Ovechkin.
16:05 of 3rd period - Shot Misses the Net.
16:21 of 3rd period - Shot by Gabriel Landeskog.
16:21 of 3rd period - Stopped by Gerald Coleman without a rebound.
16:22 of 3rd period - Brett Sutter wins face-off versus Evander Kane in Blue Jackets zone.
16:29 of 3rd period - Shot by Chris Kreider.
16:29 of 3rd period - Shot Hit the Post.
16:31 of 3rd period - Shot by Kyle Brodziak.
16:31 of 3rd period - Stopped by Gerald Coleman without a rebound.
16:32 of 3rd period - Damien Brunner wins face-off versus Sean Couturier in Blue Jackets zone.
16:34 of 3rd period - Corey Locke is hit by Brayden Schenn and loses puck.
16:42 of 3rd period - Minor Penalty to Brayden Schenn for Hooking.
16:43 of 3rd period - Kyle Brodziak wins face-off versus Corey Locke in Panthers zone.
16:43 of 3rd period - Kyle Brodziak is hit by Rick Nash.
18:01 of 3rd period - Shot by Dennis Wideman.
18:01 of 3rd period - Stopped by Robin Lehner without a rebound.
18:02 of 3rd period - Brett Sutter wins face-off versus Damien Brunner in Panthers zone.
18:02 of 3rd period - Brett Sutter is hit by Alexander Ovechkin.
18:53 of 3rd period - Mike Cammalleri is hit by James Wisniewski.
19:11 of 3rd period - Panthers, Robin Lehner is pulled from the net.
19:46 of 3rd period - Luke Schenn is hit by Zdeno Chara.
Goals for this period are 1 for Panthers vs 1 for Blue Jackets.
Shots for this period are 7 for Panthers vs 9 for Blue Jackets.